 Dungeon Crawl Stone Soup version 0.31.0-12-g77e489cdc1 (webtiles) character file.

Game seed: 16342591625005847147

26760 jimonade the Severer (level 13, -5/116 HPs)
             Began as a Hill Orc Monk on Feb 29, 2024.
             Was a Believer of Uskayaw.
             Engulfed by a cloud of flame (7 damage)
             ... on level 3 of the Lair of Beasts.
             The game lasted 00:43:31 (18052 turns).

jimonade the Severer (Hill Orc Monk)               Turns: 18052, Time: 00:43:31

Health: -5/116     AC: 22    Str: 19    XL:     13   Next: 28%
Magic:  20/20      EV: 25    Int: 10    God:    Uskayaw [**....]
Gold:   1018       SH:  0    Dex: 13    Spells: 12/12 levels left

rFire   . . .        a - +3 battleaxe (freeze)
rCold   . . .        (shield currently unavailable)
rNeg    . . .        v - +3 chain mail
rPois   +            s - +2 hat {Will+}
rElec   .            U - +0 cloak
rCorr   .            O - +0 pair of gloves
SInv    .            Z - +2 pair of boots
Will    +....        x - amulet of the acrobat Stlth
                     D - ring of poison resistance
HPRegen 0.39/turn    S - ring of Shadows {Umbra +Inv Stlth+}
MPRegen 0.17/turn

%: acrobat
@: acrobatic, wreathed by umbra
A: no striking features
a: Renounce Religion, Evoke Invisibility, Stomp, Line Pass


You were on level 3 of the Lair of Beasts.
You worshipped Uskayaw.
Uskayaw was aware of your devotion.
You visited 3 branches of the dungeon, and saw 15 of its levels.

You collected 1018 gold pieces.

Inventory:

Hand Weapons
 a - a +3 battleaxe of freezing (weapon)
 b - the +8 longbow "Zephyr" {speed, Dex+3 SInv}
   (You found it on level 2 of the Lair of Beasts)

   Dex+3:     It affects your dexterity (+3).
   SInv:      It lets you see invisible.
 J - a +2 morningstar of flaming
 N - a +4 halberd of venom
 Q - the +0 hand axe "Idoddem" {flame, Str+3 Dex+3 Stlth-}
   (You found it on level 3 of the Dungeon)

   Str+3:     It affects your strength (+3).
   Dex+3:     It affects your dexterity (+3).
   Stlth-:    It makes you less stealthy.
Missiles
 h - 4 atropa-tipped darts
 k - 5 datura-tipped darts
 y - 39 poisoned darts
 C - 7 boomerangs (quivered)
 K - a curare-tipped dart
Armour
 s - a +2 hat of willpower (worn)
 v - a +3 chain mail (worn)
 O - a +0 pair of gloves (worn)
 R - a +0 chain mail of cold resistance
 U - a +0 cloak (worn)
 X - a +0 robe of resistance
 Z - a +2 pair of boots (worn)
Jewellery
 w - an amulet of faith
 x - an amulet of the acrobat (around neck)
 D - a ring of poison resistance (left hand)
 I - a ring of protection from fire
 S - the ring of Shadows (right hand) {Umbra +Inv Stlth+}
   (You found it on level 11 of the Dungeon)

   [ring of stealth]

   Umbra:     It surrounds you with an aura of shadow, increasing your stealth
   and reducing the accuracy of all others within it.
   +Inv:      It lets you turn invisible.
   Stlth+:    It makes you more stealthy.
Wands
 g - a wand of mindburst (22)
 u - a wand of flame (57)
 A - a wand of iceblast (22)
 M - a wand of charming (12)
 T - a wand of quicksilver (9)
 V - a wand of digging (4)
 W - a wand of polymorph (16)
Scrolls
 d - a scroll of immolation
 e - 3 scrolls of revelation
 f - 2 scrolls of vulnerability
 i - 4 scrolls of noise
 l - 5 scrolls of teleportation
 o - 4 scrolls of enchant armour
 r - 3 scrolls of fear
 t - 2 scrolls of poison
 B - 3 scrolls of blinking
 F - a scroll of brand weapon
Potions
 c - 2 potions of ambrosia
 j - 8 potions of lignification
 m - 4 potions of curing
 n - a potion of brilliance {unknown}
 p - a potion of haste
 q - 4 potions of enlightenment
 z - a potion of berserk rage {unknown}
 E - a potion of invisibility {unknown}
 G - a potion of mutation {unknown}
 H - a potion of magic {unknown}
 L - a potion of resistance {unknown}
 P - 3 potions of attraction {unknown}
 Y - a potion of heal wounds {unknown}


   Skills:
 - Level 11.5 Fighting
 + Level 17.6(18.1) Axes
 - Level 5.8(11.4) Maces & Flails
 + Level 3.8 Ranged Weapons
 - Level 10.0 Armour
 - Level 6.0 Dodging
 + Level 9.7 Invocations


You had 12 spell levels left.
You didn't know any spells.
Your spell library contained the following spells:

 Spells                   Type           Power      Damage    Failure   Level
 Apportation              Tloc           0%         N/A       92%         1
 Sting                    Conj/Alch      0%         1d3       92%         1
 Ensorcelled Hibernation  Hex/Ice        0%         N/A       98%         2
 Jinxbite                 Hex            0%         N/A       98%         2
 Mercury Vapours          Alch/Air       0%         N/A       98%         2
 Passwall                 Erth           0%         N/A       100%        3
 Swiftness                Air            0%         N/A       100%        3
 Olgreb's Toxic Radiance  Alch           0%         N/A       100%        4
 Alistair's Intoxication  Alch           0%         N/A       100%        5
 Chain Lightning          Conj/Air       0%         N/A       100%        9
 Fire Storm               Conj/Fire      0%         5d1       100%        9
 Shatter                  Erth           0%         3d5*      100%        9


Dungeon Overview and Level Annotations

Branches:
Dungeon (11/15) Zot: 25993  Temple (1/1) D:7 Zot: 5868    Lair (3/5) D:8 Zot: 13951
 Shoals (0/4) Lair:2       Spider (0/4) Lair:3          Orc (0/2) D:10

Altars:
Ashenzari
Cheibriados
Dithmenos
Elyvilon
Fedhas
Gozag
Hepliaklqana
Kikubaaqudgha
Makhleb
Nemelex Xobeh
Okawaru
Qazlal
Ru
Sif Muna
Trog
Uskayaw
Vehumet
Wu Jian
Xom
Yredelemnul
Zin
The Shining One

Shops:
D:2 =

Annotations:
D:6 exclusion: centaur
D:8 2 runed translucent doors, Gadfly's ghost, novice AtFi
D:10 exclusion: downstairs


Message History

Your pack is full.
You see here a scroll of immolation.
Your pack is full.
You see here a scroll of immolation.
As you read the scroll of identify, it crumbles to dust.
p - a potion of haste
d - a scroll of immolation A polar bear comes into view.
The polar bear growls angrily.
You slice the polar bear!! You freeze the polar bear.
The polar bear is heavily wounded.
The polar bear bites you.
The polar bear claws you but does no damage. x2
You slash the polar bear!
The polar bear is severely wounded.
The polar bear bites you but does no damage.
The polar bear claws you but does no damage. x2
You can now pass through a line of other dancers.
You hit the polar bear but do no damage.
The polar bear is severely wounded.
The polar bear goes berserk!
You completely miss the polar bear.
The polar bear is severely wounded.
The polar bear bites you but does no damage.
The polar bear claws you but does no damage.
The polar bear claws you.
You slice the polar bear!! You freeze the polar bear.
The polar bear is almost dead.
The polar bear bites you.
The polar bear claws you but does no damage.
The polar bear completely misses you.
You closely miss the polar bear.
The polar bear is almost dead.
The polar bear bites you!
The polar bear claws you but does no damage. x2
You hit the polar bear but do no damage.
The polar bear is almost dead.
The polar bear misses you.
The polar bear claws you but does no damage.
The polar bear barely misses you.
You slash the polar bear!
You kill the polar bear!
You see here a +0 helmet.
Found a troll skeleton.
You open the door. You slash the fire crab! You freeze the fire crab.
The fire crab is moderately wounded.
You completely miss the fire crab.
The fire crab is moderately wounded.
The fire crab bites you but does no damage.
The fire crab claws you.
You are engulfed in flames!
You barely miss the fire crab.
The fire crab is moderately wounded.
The fire crab bites you but does no damage.
The fire crab claws you but does no damage.
You hit the fire crab. You freeze the fire crab.
The fire crab is moderately wounded.
The fire crab bites you but does no damage.
The fire crab closely misses you.
You hit the fire crab but do no damage.
The fire crab is moderately wounded.
The fire crab bites you.
You are engulfed in flames!
The fire crab claws you.
You are engulfed in flames!
You barely miss the fire crab.
The fire crab is moderately wounded.
You barely miss the fire crab.
The fire crab is moderately wounded.
The fire crab breathes flames at you.
The blast of flame engulfs you but does no damage.
You hit the fire crab but do no damage.
The fire crab is moderately wounded.
You are engulfed in blazing flames.
The fire crab closely misses you. The fire crab claws you!
You are engulfed in flames!
You hit the fire crab but do no damage.
The fire crab is moderately wounded.
You are engulfed in blazing flames.
* * * LOW HITPOINT WARNING * * *
The fire crab barely misses you. x2
You closely miss the fire crab.
The fire crab is moderately wounded.
You slash the fire crab! You freeze the fire crab.
The fire crab is heavily wounded.
The fire crab breathes flames at you.
The blast of flame engulfs you but does no damage.
You slash the fire crab! You freeze the fire crab.
The fire crab is severely wounded.
You are engulfed in blazing flames.
* * * LOW HITPOINT WARNING * * *
The fire crab bites you but does no damage.
The fire crab claws you!
* * * LOW HITPOINT WARNING * * *
You are engulfed in flames!
* * * LOW HITPOINT WARNING * * *
You can now pass through a line of other dancers.
You slice the fire crab!! You freeze the fire crab.
You kill the fire crab!
You are engulfed in blazing flames.
* * * LOW HITPOINT WARNING * * *
You are engulfed in blazing flames.
You die...

).# #....# #####.. #.#
#.##....####.###.. P.#
#.#............... ..#
#.#..............# ..#
#.#.............## ..#
#.#.............## #.#
#÷#..............# ..#
#.#.....P#.#....##
#.##############@#......###....##
...............#○°°....###......#
...............°#°°....# #.......
....##.........#.°°....# #......#
....###.........#P.....####......
.....#####.....###.....#.##......
....## ###...# #......###....P.
....## #....###......######.#P
.....# #....##P.......# ####


There were no monsters in sight!

Vanquished Creatures
  Gastronok (Lair:3)
  Josephine (Lair:3)
  A hydra (Lair:1)
  A skyshark (Lair:3)
  A fire crab (Lair:3)
  Maurice (D:7)
  Joseph (D:7)
  3 black mambas
  4 cane toads
  A gargoyle (D:11)
  A torpor snail (Lair:3)
  Maggie (D:7)
  5 komodo dragons
  4 rime drakes
  A polar bear (Lair:3)
  3 trolls (D:9)
  A hornet (D:10)
  2 dream sheep (Lair:3)
  Sigmund (D:5)
  7 wraiths
  34 yaks
  A vampire (D:11)
  A steam dragon (D:5)
  5 wyverns
  A basilisk (D:8)
  2 redbacks (Lair:3)
  2 vampire mosquitoes (D:10)
  Duvessa (D:7)
  12 water moccasins
  2 sky beasts
  3 orc warriors
  5 ice beasts
  10 centaurs
  3 black bears
  An ogre (D:7)
  18 wolves
  2 kobold brigands
  Blork the orc (D:4)
  6 bullfrogs
  3 scorpions
  A gnoll sergeant (D:8)
  20 wights
  Dowan (D:7)
  5 killer bees
  An electric eel (D:10)
  4 howler monkeys
  A gnoll bouda (D:5)
  3 jellies
  2 orc priests
  2 bombardier beetles
  3 hounds
  2 iguanas
  2 sleepcaps
  Natasha (thrice) (D:3)
  12 orc wizards
  14 gnolls
  5 adders
  3 shadow imps
  2 white imps (D:5)
  3 dart slugs
  A ribbon worm (D:3)
  37 orcs
  6 ball pythons
  5 bats
  5 endoplasms
  A giant cockroach (D:4)
  9 hobgoblins
  6 quokkas
  A frilled lizard (D:2)
  2 goblins (D:2)
  18 kobolds
  A rat (D:3)
335 creatures vanquished.

Notes
Turn   | Place    | Note
-------+----------+-------------------------------------------
     0 | D:1      | jimonade the Hill Orc Monk began the quest for the Orb.
     0 | D:1      | Reached XP level 1. HP: 19/19 MP: 1/1
   225 | D:1      | Reached XP level 2. HP: 26/26 MP: 2/2
   760 | D:2      | Reached skill level 5 in Axes
   843 | D:2      | Reached XP level 3. HP: 31/31 MP: 3/3
   940 | D:2      | Reached skill level 6 in Axes
  1100 | D:2      | Found Idozecis's Jewellery Shoppe.
  1870 | D:2      | Reached XP level 4. HP: 39/39 MP: 4/4
  2168 | D:3      | Found a snail-covered altar of Cheibriados.
  2304 | D:3      | Found a basalt altar of Yredelemnul.
  2350 | D:3      | Reached skill level 7 in Axes
  2363 | D:3      | Reached XP level 5. HP: 38/45 MP: 5/5
  3073 | D:3      | Noticed Natasha
  3082 | D:3      | Killed Natasha
  3083 | D:3      | Reached skill level 8 in Axes
  3209 | D:3      | Found an iron altar of Okawaru.
  3267 | D:3      | Noticed Natasha
  3274 | D:3      | Killed Natasha
  3399 | D:3      | Reached XP level 6. HP: 51/51 MP: 6/6
  3479 | D:3      | Identified the +0 hand axe "Idoddem" {flame, Str+3 Dex+3
                  | Stlth-}
  3697 | D:3      | Noticed Natasha
  3706 | D:3      | Killed Natasha
  3837 | D:4      | Found an ornate altar of the Wu Jian Council.
  3934 | D:4      | Reached skill level 9 in Axes
  4320 | D:4      | Noticed Blork the orc
  4330 | D:4      | Killed Blork the orc
  4331 | D:4      | Reached skill level 10 in Axes
  4331 | D:4      | Reached XP level 7. HP: 32/57 MP: 7/7
  4881 | D:5      | Entered Level 5 of the Dungeon
  4881 | D:5      | Noticed a steam dragon
  4889 | D:5      | Killed a steam dragon
  4890 | D:5      | Reached skill level 11 in Axes
  5135 | D:5      | Noticed Sigmund
  5195 | D:5      | Reached skill level 12 in Axes
  5195 | D:5      | Reached XP level 8. HP: 64/64 MP: 8/8
  5326 | D:5      | Found a bloodstained altar of Trog.
  5637 | D:5      | Found an ancient bone altar of Kikubaaqudgha.
  5716 | D:5      | Killed Sigmund
  5717 | D:5      | Reached skill level 1 in Armour
  5996 | D:6      | Found a sparkling altar of Nemelex Xobeh.
  6034 | D:6      | Reached skill level 5 in Fighting
  6034 | D:6      | Reached skill level 13 in Axes
  6317 | D:6      | Reached XP level 9. HP: 71/74 MP: 9/9
  7288 | D:6      | Reached skill level 5 in Armour
  7552 | D:7      | Noticed Joseph
  7580 | D:7      | Noticed Maggie
  7679 | D:7      | Reached skill level 14 in Axes
  7776 | D:7      | Found a staircase to the Ecumenical Temple.
  7782 | Temple   | Entered the Ecumenical Temple
  7833 | D:7      | Killed Maggie
  8000 | D:7      | Reached skill level 1 in Maces & Flails
  8115 | D:7      | Noticed Duvessa
  8115 | D:7      | Noticed Maurice
  8133 | D:7      | Noticed Dowan
  8138 | D:7      | Killed Duvessa
  8149 | D:7      | Killed Dowan
  8161 | D:7      | Reached XP level 10. HP: 62/88 MP: 10/10
  8262 | D:7      | Maurice stole a +3 long sword
  8263 | D:7      | Killed Maurice
  8329 | D:7      | Killed Joseph
  8620 | D:7      | Found a radiant altar of Vehumet.
  9645 | D:8      | Reached skill level 5 in Maces & Flails
  9817 | D:8      | Found a large runed translucent door.
  9817 | D:8      | Found a large runed translucent door.
  9823 | D:8      | Noticed Gadfly's ghost (novice AtFi)
  9923 | D:8      | Found a staircase to the Lair.
  9930 | D:8      | Reached skill level 10 in Fighting
 10417 | D:9      | Reached XP level 11. HP: 101/101 MP: 11/11
 10935 | D:9      | Found an opulent altar of Gozag.
 10938 | D:9      | Found a shimmering altar of Xom.
 11177 | D:9      | Noticed a +0 short sword
 11177 | D:9      | Noticed a +0 short sword
 11179 | D:9      | Noticed a +0 dagger
 11181 | D:9      | Noticed a +0 spear
 11181 | D:9      | Noticed a +0 falchion
 11181 | D:9      | Noticed a +0 dagger
 11182 | D:9      | Noticed a +0 falchion
 11182 | D:9      | Noticed a +0 spear
 11237 | D:9      | Found a hide-covered altar of Uskayaw.
 11556 | D:10     | Entered Level 10 of the Dungeon
 12282 | D:10     | Paralysed by a hornet for 1 turns
 12414 | D:10     | Found a staircase to the Orcish Mines.
 13179 | D:11     | Found the ring of Shadows {Umbra +Inv Stlth+}
 13774 | D:11     | Noticed a skeletal warrior
 13774 | D:11     | Noticed a skeletal warrior
 13774 | D:11     | Noticed a skeletal warrior
 13822 | Lair:1   | Entered Level 1 of the Lair of Beasts
 13881 | Lair:1   | Reached skill level 15 in Axes
 14113 | D:9      | Became a worshipper of Uskayaw the Reveller
 14113 | D:9      | Reached * piety under Uskayaw
 14197 | Lair:1   | Reached ** piety under Uskayaw
 14201 | Lair:1   | Reached *** piety under Uskayaw
 14202 | Lair:1   | Reached **** piety under Uskayaw
 14208 | Lair:1   | Reached ***** piety under Uskayaw
 14209 | Lair:1   | Reached skill level 10 in Armour
 14209 | Lair:1   | Reached skill level 1 in Invocations
 14328 | Lair:1   | Reached XP level 12. HP: 100/110 MP: 13/13
 14493 | Lair:1   | Reached skill level 5 in Dodging
 14866 | Lair:1   | Noticed a four-headed hydra
 14878 | Lair:1   | Killed a one-headed hydra
 14879 | Lair:1   | Reached skill level 5 in Invocations
 14941 | Lair:1   | Reached skill level 16 in Axes
 15319 | Lair:2   | Found the +8 longbow "Zephyr" {speed, Dex+3 SInv}
 15798 | Lair:2   | Found a staircase to the Shoals.
 16172 | Lair:2   | Found an opulent altar of Gozag.
 16482 | Lair:3   | Reached skill level 1 in Ranged Weapons
 16626 | Lair:3   | Reached skill level 17 in Axes
 16711 | Lair:3   | Found a runed translucent door.
 16888 | Lair:3   | Reached XP level 13. HP: 113/116 MP: 19/19
 16960 | Lair:3   | Noticed Josephine
 16993 | Lair:3   | Killed Josephine
 17351 | Lair:3   | Found a hole to the Spider Nest.
 17734 | Lair:3   | Noticed Gastronok
 17756 | Lair:3   | Killed Gastronok
 18051 | Lair:3   | HP: 1/116 [something (15)]
 18052 | Lair:3   | Engulfed by a cloud of flame

Illustrated notes

Levels and vault maps discovered:
D:1:      evilmike_arrival_come_back, layout_loops_cross,
          minmay_misc_feat_more_columns
D:2:      layout_basic, serial_shops, shop, minmay_hexomino_f4
D:3:      kb_forest_paths, layout_basic, amcnicky_altar_gilded,
          mainiacjoe_overflow_chevrons, slow_altar_1, uniq_natasha
D:4:      layout_cave_pods, nzn_wu_jian_contemplation,
          minmay_a_box_with_orc_wizards_in_it, uniq_blork_the_orc
D:5:      layout_rooms, mainiacjoe_overflow_catwalk, kiku_gazebo_garden_becter,
          uniq_sigmund
D:6:      nicolae_whirlpool, layout_loops_ring, lemuel_doored_altar,
          lightli_minifort
D:7:      layout_layer_cave, mainiacjoe_overflow_tiny_flanked,
          minmay_temple_entry_gardened_gates, uniq_duvessa, uniq_joseph,
          uniq_maggie, uniq_maurice
D:8:      layout_loops_ring, minmay_lair_entry_grove,
          ebering_ghost_disaster_area
D:9:      layout_loops_ring, nicolae_uskayaw_en_pointe, jmf_multi_god_temple2,
          roderic_roman_lattice
D:10:     layout_layer_cave, orc_0_dummy, nicolae_kite_square_tiling_tiny
D:11:     layout_roguey
Temple:   nicolae_temple_ecumenical_triangle
Lair:1:   layout_loops_ring, minivault_19
Lair:2:   layout_chaotic_city, minmay_shoals_entry_centaurs,
          lemuel_centaur_altar
Lair:3:   gammafunk_mikee_crab_dinner, layout_cellular_growth,
          spider_nest_entry_webs, serial_bayou_shore_b, uniq_gastronok,
          uniq_josephine

Skill      XL: |  1  2  3  4  5  6  7  8  9 10 11 12 13 |
---------------+----------------------------------------+-----
Axes           | 5 6 7 8 10 12 13 14 15 17 | 17.6
Fighting       | 5 8 10 11 | 11.5
Armour         | 3 6 8 10 | 10.0
Maces & Flails | 2 5 |  5.8
Dodging        | 4 6 |  6.0
Invocations    | 2 8 9 |  9.7
Ranged Weapons | 2 3 |  3.8

Action                     |  1- 3 |  4- 6 |  7- 9 | 10-12 | 13-15 || total
---------------------------+-------+-------+-------+-------+-------++-------
  Melee: Hand axe          |    85 |   166 |   395 |     5 |       ||   651
         Morningstar       |       |       |    27 |   132 |       ||   159
         Battleaxe         |       |       |       |   400 |    83 ||   483
         Unarmed           |       |       |       |     2 |       ||     2
   Fire: Longbow           |       |       |       |    15 |    10 ||    25
  Throw: Dart              |       |       |       |     3 |       ||     3
    Use: Scroll            |       |       |     5 |    14 |     1 ||    20
   Stab: Paralysed         |       |       |       |    25 |     2 ||    27
 Armour: Leather armour    |    33 |       |       |       |       ||    33
         Robe              |     2 |       |       |       |       ||     2
         Scale mail        |     9 |    81 |       |       |       ||    90
         Chain mail        |       |    28 |   216 |   426 |    79 ||   749
         Skin              |       |       |       |     1 |       ||     1
  Dodge: Dodged            |    50 |    77 |   139 |   303 |    36 ||   605
